 Dungeon Crawl Stone Soup version 0.16.0 (webtiles) character file.

258 Minkie the Changer (level 5, -1/40 HPs)
             Began as a Draconian Transmuter on Mar 22, 2015.
             Slain by a gnoll
             ... wielding a +0 halberd
              (3 damage)
             ... on level 3 of the Dungeon on Mar 23, 2015.
             The game lasted 00:12:29 (3113 turns).

Minkie the Changer (Draconian Transmuter)           Turns: 3113, Time: 00:12:30

Health: -1/40      AC:  6    Str: 13    XL:     5   Next: 94%
Magic:  7/9        EV: 12    Int: 14    God:
Gold:   141        SH:  0    Dex: 11    Spells: 2 memorised, 4 levels left

rFire  . . .     SeeInvis +       - Unarmed
rCold  . . .     Clarity  .     (armour unavailable)
rNeg   . . .     SustAb   .     (no shield)
rPois  .         Gourm    .     (helmet restricted)
rElec  .         Spirit   .     (no cloak)
rCorr  +         Warding  .     f - +0 pair of gloves
rMut   .         Stasis   .     (no boots)
MR     .....                    g - amulet of resist corrosion
Stlth  +.........               (no ring)
                                s - ring of see invisible

@: lethally poisoned (-1 -> -5), not resistant to hostile enchantments, very
unstealthy
A: unfitting armour, cold-blooded, AC +5
a: no special abilities


You were on level 3 of the Dungeon.
You were not hungry.

You visited 1 branch of the dungeon, and saw 3 of its levels.

You collected 141 gold pieces.

Inventory:

Hand weapons
 v - a +0 blowgun
Missiles
 b - 42 poisoned needles
 w - 4 tomahawks (quivered)
Armour
 f - a +0 pair of gloves (worn)
Jewellery
 g - an amulet of resist corrosion (around neck)
 s - a ring of see invisible (left hand)
Scrolls
 e - a scroll of magic mapping {unknown}
 i - 2 scrolls of random uselessness {unknown}
 l - 5 scrolls of enchant armour {unknown}
 m - a scroll of amnesia {unknown}
 q - a scroll of recharging {unknown}
 u - a scroll of immolation {unknown}
 y - a scroll of fear {unknown}
 z - a scroll of teleportation {unknown}
 A - a scroll of noise {unknown}
 C - a scroll of identify {unknown}
Potions
 h - 3 potions of curing {unknown}
 j - a potion of degeneration {unknown}
 o - 2 potions of agility {unknown}
 p - 2 potions of ambrosia {unknown}
 r - a potion of flight {unknown}
 t - a potion of cure mutation {unknown}
Books
 d - a book of Changes

   Spells                             Type                      Level
   a - Beastly Appendage              Transmutation                1
   b - Sticks to Snakes               Transmutation                2
   c - Spider Form                    Transmutation/Poison         3
   d - Ice Form                       Ice/Transmutation            4
   e - Blade Hands                    Transmutation                5
 x - a book of Clouds

   Spells                             Type                      Level
   a - Mephitic Cloud                 Conjuration/Poison/Air       3
   b - Conjure Flame                  Conjuration/Fire             3
   c - Poisonous Cloud                Conjuration/Poison/Air       6
   d - Freezing Cloud                 Conjuration/Ice/Air          6
   e - Ring of Flames                 Charms/Fire                  7
Comestibles
 a - 5 bread rations
 c - 3 meat rations
 k - a fruit
 n - a slice of pizza
 B - a chunk of flesh


   Skills:
 - Level 1.1 Fighting
 - Level 1.7 Dodging
 - Level 3.0 Unarmed Combat
 - Level 2.0 Spellcasting
 + Level 5.1 Transmutations
 + Level 3.3 Poison Magic


You had 4 spell levels left.
You knew the following spells:

 Your Spells              Type           Power        Failure   Level  Hunger
a - Beastly Appendage     Trmt           ###...       2%          1    ##.....
b - Spider Form           Trmt/Pois      ##........   14%         3    ####...


Dungeon Overview and Level Annotations

Branches:
Dungeon (3/15)

Altars:
Yredelemnul


Innate Abilities, Weirdness & Mutations

Your plain brown scales are hard (AC +5).
Your body does not fit into most forms of armour.
Your cold-blooded metabolism reacts poorly to cold.


Message History

The gnoll hits you from afar with a halberd!
The gnoll barely misses you. The gnoll barely misses you. The gnoll misses you.
The rat barely misses you.
You hit the gnoll!
The gnoll is poisoned.
The gnoll is severely wounded.
The gnoll completely misses you. The gnoll barely misses you.
You hit the rat but do no damage.
The rat is poisoned.
You kill the rat!
The gnoll hits you from afar with a spear.
The gnoll hits you with a halberd!
* * * LOW HITPOINT WARNING * * *
The gnoll hits you but does no damage.
You hit the gnoll but do no damage.
The gnoll is poisoned.
Your transformation has ended.
Your +0 pair of gloves unmelds from your body.
The adder bites you.
* * * LOW HITPOINT WARNING * * *
You are lethally poisoned!
The adder poisons you! The gnoll hits you with a halberd.
You die...

######## ##. ....#
#.. ...# ######
#..####.## #.....
#........######.####
#..#.##.((......####
##.......#####......#
#..g.....# ##..##.#
##.#@#(### ##.##.#
##.gS## #..... ##.##
###### #.# ####### #
#.# #.....# # #.#
#.....## # #.#
#......### #.#
#......#.. #.#
#......#..


You could see 2 gnolls and an adder.

Vanquished Creatures
  An orc wizard (D:3)
  2 orc priests (D:3)
  5 adders
  2 gnolls (D:3)
  A giant mite (D:2)
  4 worms
  2 giant geckos
  An ooze (D:3)
  6 orcs (D:3)
  A giant cockroach (D:1)
  7 goblins
  6 hobgoblins
  12 kobolds
  3 ball pythons
  8 bats
  6 giant newts
  13 rats
  A spectral orc (D:3)
81 creatures vanquished.

Notes
Turn   | Place    | Note
--------------------------------------------------------------
     0 | D:1      | Minkie, the Draconian Transmuter, began the quest for the Orb.
     0 | D:1      | Reached XP level 1. HP: 16/16 MP: 3/3
   185 | D:1      | Reached XP level 2. HP: 17/23 MP: 4/4
   977 | D:2      | Reached XP level 3. HP: 28/28 MP: 6/6
   982 | D:2      | Learned a level 3 spell: Spider Form
  1361 | D:2      | Reached skill level 1 in Poison Magic
  1446 | D:2      | Reached skill level 4 in Transmutations
  1451 | D:2      | Reached XP level 4. HP: 25/35 MP: 7/7
  2451 | D:3      | Reached XP level 5. HP: 5/40 MP: 5/9
  2857 | D:3      | Reached skill level 5 in Transmutations
  3048 | D:3      | Found a basalt altar of Yredelemnul.
  3112 | D:3      | HP: 2/40 [gnoll/halberd (16)]
  3113 | D:3      | Slain by a gnoll

Action                   |  1- 3 |  4- 6 || total
-------------------------+-------+-------++-------
Melee: Unarmed           |   112 |   110 ||   222
 Cast: Beastly Appendage |     4 |     2 ||     6
       Spider Form       |       |     7 ||     7
 Stab: Sleeping          |       |     1 ||     1
  Eat: Chunk             |     2 |     6 ||     8
